 Dungeon Crawl Stone Soup version 0.21.1-1-g345015f (webtiles) character file.

6244 johnjohn the Basher (level 10, -2/88 HPs)
             Began as a Hill Orc Fighter on May 11, 2018.
             Was an Elder of Zin.
             Slain by a death yak (24 damage)
             ... on level 9 of the Dungeon.
             The game lasted 01:28:45 (10350 turns).

johnjohn the Basher (Hill Orc Fighter)             Turns: 10350, Time: 01:28:46

Health: -2/88      AC: 17    Str: 23    XL:     10   Next: 93%
Magic:  10/10      EV:  6    Int:  8    God:    Zin [****..]
Gold:   272        SH: 11    Dex: 10    Spells: 8/9 levels left

rFire    + . .     SeeInvis +   n - +2 flail (protect)
rCold    + . .     Gourm    .   c - +0 shield
rNeg     . . .     Faith    .   y - +1 plate armour
rPois    +         Spirit   .   C - +0 hat
rElec    +         Reflect  .   x - +0 cloak
rCorr    +         Harm     +   d - +0 pair of gloves
MR       +....                  (no boots)
Stlth    ..........             S - amulet "Utageol" {Harm *Drain Stlth+}
HPRegen  0.24/turn              I - ring of Ubruhatz {Wiz *Drain MR+ SInv}
MPRegen  0.12/turn              (no ring)

@: resistant
A: no striking features
a: Recite, Vitalisation, Imprison, Donate Gold, Renounce Religion


You were on level 9 of the Dungeon.
You worshipped Zin.
Zin was greatly pleased with you.
You were near starving.

You visited 2 branches of the dungeon, and saw 10 of its levels.

You collected 406 gold pieces.
You donated 134 gold pieces to Zin.

Inventory:

Hand Weapons
 n - a +2 flail of protection (weapon)
 o - the +10 falchion of Truth {slice, *Corrode Dex+6 SInv, unknown}
   (You found it on level 5 of the Dungeon)

   It inflicts extra damage upon your enemies.
   It affects your dexterity (+6).
   It lets you see invisible.
   It may corrode you when you take damage.
 u - a +0 flail
Missiles
 q - 3 throwing nets
 z - 5 javelins
 B - a tomahawk of returning (quivered)
Armour
 b - a +0 scale mail
 c - a +0 shield (worn)
 d - a +0 pair of gloves (worn)
 i - a +0 plate armour
 s - a +0 scale mail
 x - a +0 cloak (worn)
 y - a +1 plate armour (worn)
 C - a +0 hat (worn)
 G - a +0 chain mail
 R - a +0 large shield
Jewellery
 e - an uncursed amulet of regeneration {unknown}
 I - the ring of Ubruhatz (left hand) {Wiz *Drain MR+ SInv}
   (You found it on level 6 of the Dungeon)

   [ring of wizardry]

   It improves your spell success rate.
   It affects your resistance to hostile enchantments.
   It lets you see invisible.
   It causes draining when unequipped.
 S - the amulet "Utageol" (around neck) {Harm *Drain Stlth+}
   (You acquired it on level 7 of the Dungeon)

   [amulet of harm]

   It increases damage dealt and taken.
   It causes draining when unequipped.
   It makes you more stealthy.
Scrolls
 g - a scroll of amnesia {unknown}
 h - a scroll of enchant armour
 j - 5 scrolls of identify
 k - 3 scrolls of remove curse
 l - 2 scrolls of noise {unknown}
 m - a scroll of immolation
 r - 2 scrolls of magic mapping
 w - a scroll of random uselessness {unknown}
 K - a scroll of vulnerability {unknown}
 O - a scroll of blinking
 P - a scroll of acquirement
Potions
 a - a potion of agility
 p - a potion of flight
 t - a potion of magic
 v - 3 potions of lignification
 A - a potion of haste
 F - a potion of degeneration {unknown}
 H - a potion of might
 J - 2 potions of ambrosia {unknown}
 L - 4 potions of heal wounds {unknown}
 N - a potion of brilliance {unknown}
 Q - 2 potions of invisibility {unknown}
Books
 E - a book of Power

   Spells                             Type                      Level
   a - Iskenderun's Battlesphere      Conjuration/Charms           5
   b - Venom Bolt                     Conjuration/Poison           5
   c - Bolt of Magma                  Conjuration/Fire/Earth       5
   d - Iron Shot                      Conjuration/Earth            6
   e - Orb of Destruction             Conjuration                  7
   f - Spellforged Servitor           Conjuration/Summoning        7
 M - a book of Debilitation

   Spells                             Type                      Level
   a - Corona                         Hexes                        1
   b - Slow                           Hexes                        2
   c - Inner Flame                    Hexes/Fire                   3
   d - Portal Projectile              Hexes/Translocation          3
   e - Cause Fear                     Hexes                        4
   f - Leda's Liquefaction            Hexes/Earth                  4
Comestibles
 f - 12 rations


   Skills:
 + Level 8.1 Fighting
 + Level 10.3 Maces & Flails
 + Level 4.4 Throwing
 + Level 8.7 Armour
 + Level 2.0 Dodging
 + Level 0.5 Stealth
 + Level 8.5 Shields
 + Level 0.1 Hexes
 + Level 0.5 Invocations


You had 8 spell levels left.
You knew the following spells:

 Your Spells              Type           Power        Failure   Level  Hunger
a - Corona                Hex            #......      99%         1    ##.....


Dungeon Overview and Level Annotations

Branches:
Dungeon (9/15)             Temple (1/1) D:5
   Lair: D:8-11         Orc: D:9-12

Altars:
Ashenzari
Cheibriados
Dithmenos
Elyvilon
Fedhas
Gozag
Hepliaklqana
Kikubaaqudgha
Makhleb
Nemelex Xobeh
Okawaru
Qazlal
Ru
Sif Muna
Trog
Uskayaw
Vehumet
Wu Jian
Xom
Yredelemnul
Zin
The Shining One

Shops:
D:4 }[!


Message History

The death yak is heavily wounded.
The phantom blinks!
You block the death yak's attack.
Your shield and plate armour prevent you from hitting the death yak.
The death yak is heavily wounded.
The yak snorts and paws the ground.
The death yak barely misses you.
You hit the death yak.
The death yak is heavily wounded.
The crimson imp disappears for a moment.
The crimson imp blinks!
You hit the death yak but do no damage.
The death yak is heavily wounded.
The death yak gores you! The death yak gores you!!
* * * LOW HITPOINT WARNING * * *
You feel protected.
Your plate armour prevents you from hitting the death yak.
The death yak is heavily wounded.
The death yak gores you!!
You die...

#...............
#...............
#..#############
#..# #..# #..# #..#
#..##############.Y.
#..@YY.YY.Y..†)..lY.
#..################.
#..# #..# #..# #..#
#..# #..#


You could see 5 death yaks.

Vanquished Creatures
  Erica (D:8)
  A two-headed ogre (D:9)
  The ghost of Shufflesack the Thaumaturge, a novice DECj of Sif Muna (D:7)
  The ghost of MavisGrind the Chopper, a novice MiBe of Trog (D:5)
  The ghost of Yorethra the Skirmisher, an amateur GrBe of Trog (D:4)
  Grinder (D:3)
  A hippogriff (D:9)
  A yak (D:9)
  A spriggan (D:7)
  Eustachio (D:4)
  A hungry ghost (D:9)
  An orc warrior (D:8)
  2 sky beasts
  An ice beast (D:7)
  3 phantoms
  An ogre (D:4)
  2 black bears
  An eye of draining (D:9)
  3 necrophages
  A centaur (D:5)
  A big kobold (D:8)
  2 bullfrogs
  A wyvern skeleton (D:6)
  5 scorpions
  4 killer bees (D:7)
  3 howler monkeys
  3 jellies
  2 crimson imps
  A bullfrog zombie (D:8)
  A hound (D:8)
  An orc priest (D:6)
  2 bullfrog skeletons (D:5)
  Crazy Yiuf (D:3)
  A centaur skeleton (D:9)
  2 iguanas
  Terence (D:2)
  4 orc wizards
  5 worker ants
  A worker ant zombie (D:5)
  9 adders
  10 gnolls
  A howler monkey skeleton (D:9)
  A shadow imp (D:4)
  3 worms
  3 adder skeletons
  2 dart slugs (D:1)
  6 leopard geckos
  23 orcs
  5 bats
  3 giant cockroaches
  9 hobgoblins
  7 jackals
  13 kobolds
  9 quokkas
  5 frilled lizards
  4 goblins (D:1)
  A quokka skeleton (D:4)
  21 rats
  3 fungi (D:3)
205 creatures vanquished.

Notes
Turn   | Place    | Note
-------+----------+-------------------------------------------
     0 | D:1      | johnjohn the Hill Orc Fighter began the quest for the Orb.
     0 | D:1      | Reached XP level 1. HP: 19/19 MP: 1/1
    42 | D:1      | Reached XP level 2. HP: 20/27 MP: 2/2
   388 | D:1      | Reached XP level 3. HP: 29/33 MP: 3/3
   504 | D:1      | Reached skill level 3 in Maces & Flails
   707 | D:2      | Reached XP level 4. HP: 35/40 MP: 4/4
  1050 | D:2      | Reached XP level 5. HP: 27/46 MP: 5/5
  1326 | D:2      | Noticed Terence
  1346 | D:2      | Killed Terence
  1346 | D:2      | Reached skill level 4 in Maces & Flails
  1429 | D:2      | Found a glowing silver altar of Zin.
  1430 | D:2      | Found a hide-covered altar of Uskayaw.
  1431 | D:2      | Found a basalt altar of Yredelemnul.
  1459 | D:2      | Became a worshipper of Zin the Law-Giver
  1460 | D:2      | Donated 30 gold pieces to Zin
  1461 | D:2      | Donated 15 gold pieces to Zin
  1462 | D:2      | Donated 8 gold pieces to Zin
  2054 | D:3      | Noticed Grinder
  2084 | D:2      | Reached XP level 6. HP: 20/53 MP: 6/6
  2106 | D:3      | Paralysed by Grinder for 5 turns
  2343 | D:3      | Paralysed by Grinder for 6 turns
  2374 | D:3      | Paralysed by Grinder for 2 turns
  2389 | D:3      | Killed Grinder
  2389 | D:3      | Reached skill level 5 in Armour
  2529 | D:3      | Reached * piety under Zin
  2575 | D:3      | Reached XP level 7. HP: 52/60 MP: 7/7
  2669 | D:3      | Reached skill level 5 in Maces & Flails
  2926 | D:3      | Reached skill level 5 in Fighting
  3155 | D:3      | Found a runed door.
  3159 | D:3      | Noticed Crazy Yiuf
  3185 | D:3      | Killed Crazy Yiuf
  3185 | D:3      | Reached skill level 1 in Dodging
  3501 | D:4      | Noticed Yorethra's ghost (amateur GrBe)
  3518 | D:4      | Killed Yorethra's ghost
  3518 | D:4      | Reached skill level 6 in Maces & Flails
  3811 | D:4      | Found a sparkling altar of Nemelex Xobeh.
  3881 | D:4      | Reached XP level 8. HP: 70/70 MP: 8/8
  3903 | D:4      | Noticed Eustachio
  3926 | D:4      | Found Zumo's Antique Armour Emporium.
  4319 | D:4      | Donated 41 gold pieces to Zin
  4343 | D:4      | Found a shadowy altar of Dithmenos.
  4514 | D:4      | Reached skill level 5 in Shields
  4718 | D:4      | Found Nafen's Gadget Boutique.
  5077 | D:4      | Found Syoxyczu's Distillery.
  5258 | D:4      | Killed Eustachio
  5270 | D:5      | Entered Level 5 of the Dungeon
  5314 | D:5      | Got a warped falchion
  5380 | D:5      | Reached skill level 7 in Maces & Flails
  5402 | D:5      | Noticed MavisGrind's ghost (novice MiBe)
  5447 | D:5      | Killed MavisGrind's ghost
  5447 | D:5      | Reached XP level 9. HP: 44/78 MP: 9/9
  5666 | D:5      | Reached ** piety under Zin
  5932 | D:5      | Found a staircase to the Ecumenical Temple.
  5997 | Temple   | Entered the Ecumenical Temple
  6261 | D:5      | Found a radiant altar of Vehumet.
  6677 | D:6      | Reached skill level 8 in Maces & Flails
  6681 | D:6      | Reached skill level 1 in Throwing
  6706 | D:6      | Got a shimmering bronze ring
  6707 | D:6      | Identified the ring of Ubruhatz {Wiz *Drain MR+ SInv} (You found it on level 6 of the Dungeon)
  7573 | D:6      | Learned a level 1 spell: Corona
  7623 | D:7      | Reached *** piety under Zin
  7727 | D:7      | Noticed Shufflesack's ghost (novice DECj)
  7769 | D:7      | Killed Shufflesack's ghost
  8695 | D:7      | Identified 2 scrolls of acquirement
  8698 | D:7      | Got a translucent ivory amulet
  8699 | D:7      | Identified the amulet "Utageol" {Harm *Drain Stlth+} (You acquired it on level 7 of the Dungeon)
  8775 | D:8      | Found a sacrificial altar of Ru.
  8787 | D:8      | Found an iron altar of Okawaru.
  8811 | D:8      | Reached XP level 10. HP: 76/86 MP: 10/10
  9072 | D:8      | Found an ornate altar of the Wu Jian Council.
  9116 | D:8      | Noticed Erica
  9149 | D:7      | Reached skill level 9 in Maces & Flails
  9466 | D:8      | Killed Erica
  9680 | D:8      | Found a deep blue altar of Sif Muna.
  9978 | D:9      | Noticed a two-headed ogre
  9991 | D:9      | Killed a two-headed ogre
  9995 | D:9      | Reached skill level 10 in Maces & Flails
 10204 | D:9      | Reached **** piety under Zin
 10313 | D:9      | Noticed a death yak
 10313 | D:9      | Noticed a death yak
 10319 | D:9      | Noticed a death yak
 10320 | D:9      | Noticed a death yak
 10322 | D:9      | Noticed a death yak
 10350 | D:9      | Slain by a death yak

Skill      XL: |  1  2  3  4  5  6  7  8  9 10 |
---------------+-------------------------------+-----
Fighting       | 4 5 6 7 8 |  8.1
Maces & Flails | 3 4 6 7 8 10 | 10.3
Armour         | 4 5 6 7 8 |  8.7
Shields        | 4 6 7 8 |  8.5
Dodging        | 1 2 |  2.0
Throwing       | 3 4 |  4.4
Stealth        | |  0.5
Hexes          | |  0.1
Invocations    | |  0.5

Action                   |  1- 3 |  4- 6 |  7- 9 | 10-12 || total
-------------------------+-------+-------+-------+-------++-------
Melee: Flail             |   141 |   211 |   556 |   191 ||  1099
Throw: Tomahawk          |       |       |   110 |    22 ||   132
       Throwing net      |       |       |     1 |     1 ||     2
Invok: Donate Gold       |       |     4 |     1 |       ||     5
       Vitalisation      |       |       |     1 |     1 ||     2
  Use: Potion            |       |       |     1 |     1 ||     2
       Scroll            |       |       |     7 |     5 ||    12
  Eat: Chunk             |       |     5 |     6 |       ||    11
       Ration            |       |     1 |     4 |     1 ||     6
Armor: Scale mail        |    12 |    28 |    66 |       ||   106
       Plate armour      |    66 |    66 |   193 |   148 ||   473
Dodge: Dodged            |    29 |    38 |   121 |    71 ||   259
Block: Shield            |    82 |   104 |   289 |   131 ||   606
